 Dungeon Crawl Stone Soup version 0.27.1-1-g398f81649c (webtiles) character file.

Game seed: 8700002961983512805

31 Metae the Ruffian (level 3, -6/29 HPs)
             Began as a Draconian Transmuter on Sept 13, 2021.
             Killed from afar by a white imp (11 damage)
             ... with a puff of frost
             ... summoned by Natasha
             ... on level 2 of the Dungeon.
             The game lasted 00:03:50 (1354 turns).

Metae the Ruffian (Draconian Transmuter)            Turns: 1354, Time: 00:03:52

Health: -6/29      AC:  5    Str: 13    XL:     3   Next: 7%
Magic:  0/6        EV: 12    Int: 13    God:
Gold:   99         SH:  0    Dex: 11    Spells: 5/6 levels left

rFire    . . .     SeeInvis .   a - +0 whip
rCold    . . .     Faith    .   (no shield)
rNeg     . . .     Spirit   +   (armour unavailable)
rPois    .         Reflect  .   (helmet restricted)
rElec    .         Harm     .   (no cloak)
rCorr    .         Rampage  .   (no gloves)
Will     .....                  (no boots)
Stlth    +.........             g - amulet of guardian spirit
HPRegen  0.09/turn              (no ring)
MPRegen  0.10/turn              (no ring)

@: very slightly contaminated, slowed, very slow
A: AC +5, unfitting armour, cold-blooded
a: no special abilities


You were on level 2 of the Dungeon.
You visited 1 branch of the dungeon, and saw 2 of its levels.

You collected 99 gold pieces.

Inventory:

Hand Weapons
 a - a +0 whip (weapon)
 b - a +0 hunting sling
Missiles
 c - 3 stones
 d - a throwing net
 e - 22 sling bullets
Jewellery
 g - an amulet of guardian spirit (around neck)
Scrolls
 f - a scroll of brand weapon {unknown}
Potions
 h - a potion of might {unknown}


   Skills:
 + Level 1.7 Fighting
 + Level 0.8 Maces & Flails
 + Level 2.1 Dodging
 - Level 3.0 Unarmed Combat
 + Level 2.3 Spellcasting
 + Level 2.3 Transmutations


You had 5 spell levels left.
You knew the following spells:

 Your Spells              Type           Power      Damage    Failure   Level
a - Beastly Appendage     Tmut           14%        N/A       10%         1

Your spell library contained the following spells:

 Spells                   Type           Power      Damage    Failure   Level
 Wereblood                Tmut           7%         N/A       14%         2
 Spider Form              Tmut/Pois      2%         N/A       41%         3
 Ice Form                 Ice/Tmut       4%         N/A       83%         4


Dungeon Overview and Level Annotations

Branches:
Dungeon (2/15)

Altars:

Annotations:
D:2 Natasha


Innate Abilities, Weirdness & Mutations

Your plain brown scales are hard. (AC +5)
You cannot fit into any form of body armour.
You are cold-blooded and may be slowed by cold attacks.


Message History

You tail-slap Natasha, but do no damage.
Natasha is severely wounded.
The bat barely misses you. The bat hits you but does no damage.
Natasha stares at you and mumbles some strange words.
The magic dart hits you.
You closely miss Natasha.
Your tail-slap misses Natasha.
Natasha is severely wounded.
The bat hits you but does no damage. x2
The white imp hits you but does no damage.
Natasha wildly gestures.
Natasha shimmers violently.
Natasha stares at you and mumbles some strange words.
The magic dart hits you.
* * * LOW HITPOINT WARNING * * *
The white imp barely misses you. Natasha misses you.
You hit Natasha but do no damage.
Natasha is severely wounded.
The bat hits you but does no damage. The white imp barely misses you.
Natasha mumbles some strange words.
You closely miss Natasha.
Natasha is severely wounded.
The bat hits you.
* * * LOW HITPOINT WARNING * * *
The white imp barely misses you. Natasha claws you.
* * * LOW HITPOINT WARNING * * *
The white imp gestures at you. The puff of frost hits you.
* * * LOW HITPOINT WARNING * * *
The white imp hits you but does no damage.
Natasha barely misses you.
Sorry, you're not good enough to have a special ability.
You are too injured to fight recklessly!
Casting: Beastly Appendage (safe; 10% risk of failure)
Confirm with . or Enter, or press ? or * to list all spells.
You miscast Beastly Appendage.
You are very lightly contaminated with residual magic.
Nothing appears to happen.
The bat closely misses you. The white imp gestures at you.
The puff of frost hits you!
You die...

......#..# ##.## .##..
###.###..# #..# ##.....
..)..##..# ##.# .$.....
###..##..# #.# .....#.
#†.##..# #.# .......
###..##..# #.# .....#
.....##..#####.##.....#
##...##.........h5..#
##...###.......5@b###
.......†.......##.#
####.########### .#
...# .# ##### .# .# [#
.#


You could see Natasha, 2 white imps and a bat.

Vanquished Creatures
  A dart slug (D:1)
  6 ball pythons
  3 endoplasms (D:1)
  A giant cockroach (D:1)
  2 goblins (D:1)
  5 kobolds
  5 bats (D:1)
  A frilled lizard (D:1)
  4 rats
28 creatures vanquished.

Notes
Turn   | Place    | Note
-------+----------+-------------------------------------------
     0 | D:1      | Metae the Draconian Transmuter began the quest for the Orb.
     0 | D:1      | Reached XP level 1. HP: 16/16 MP: 3/3
   453 | D:1      | Reached XP level 2. HP: 23/23 MP: 5/5
   833 | D:1      | Found a faded altar of an unknown god.
  1295 | D:2      | Reached XP level 3. HP: 29/29 MP: 6/6
  1339 | D:2      | Noticed Natasha
  1354 | D:2      | Killed from afar by a white imp

Illustrated notes

Levels and vault maps discovered:
D:1:      tarquinn_simple_flora_water_d, layout_loops_ring,
          hellmonk_ecumenical_altar_inner_sanctum, minmay_split_cup_small
D:2:      layout_loops_ring, kennysheep_nondescript, uniq_natasha

Skill      XL: |  1  2 |
---------------+-------+-----
Dodging        | 2 |  2.1
Fighting       | |  1.7
Maces & Flails | |  0.8
Unarmed Combat | |  3.0
Spellcasting   | |  2.3
Transmutations | |  2.3

Action                   || total
-------------------------++-------
Melee: Whip              ||    96
       Unarmed           ||     4
       Kick              ||     3
       Tailslap          ||    14
       Headbutt          ||     1
       Punch             ||     1
 Cast: Beastly Appendage ||     3
 Stab: Sleeping          ||     1
Armor: Skin              ||    56
Dodge: Dodged            ||   100
